 Dungeon Crawl Stone Soup version 0.15-a0-335-g04a2ae6 (webtiles) character file.

214 Infinimo the Ruffian (level 5, 0/40 HPs)
             Began as a Minotaur Transmuter on May 1, 2014.
             Killed from afar by Natasha (5 damage)
             ... with a magic dart
             ... on Level 3 of the Dungeon.
             The game lasted 00:03:04 (2912 turns).

Infinimo the Ruffian (Minotaur Transmuter)          Turns: 2912, Time: 00:03:05

HP   0/40        AC  3     Str 15      XL: 5   Next:  9%
MP   4/4         EV 12     Int 11      God:
Gold 65          SH  0     Dex 10      Spells:  1 memorised,  5 levels left

rFire  . . .     SeeInvis .       - Unarmed
rCold  . . .     Clarity  .     c - +0 robe
rNeg   . . .     Conserve .     (no shield)
rPois  +         rCorr    .     (helmet restricted)
rElec  .         rRot     .     (no cloak)
SustAb . .       Spirit   .     m - +0 pair of gloves
rMut   .         Warding  .     (no boots)
Saprov . . .     Stasis   .     (no amulet)
MR     .....                    (no ring)
                                g - ring of poison resistance

@: slowed, very slow, not resistant to hostile enchantments, very unstealthy
A: retaliatory headbutt, horns 2
a: no special abilities


You were on level 3 of the Dungeon.
You were very hungry.

You visited 1 branch of the dungeon, and saw 3 of its levels.

You collected 65 gold pieces.

Inventory:

Missiles
 b - 12 arrows
Armour
 c - a +0 robe (worn)
 m - a +0 pair of gloves (worn)
Magical devices
 r - a wand of heal wounds (4) {unknown}
Comestibles
 a - a bread ration
 h - a choko
 k - a meat ration
 p - a rambutan
Scrolls
 e - a scroll of identify
 i - 2 scrolls of amnesia
 q - a scroll of fog {unknown}
 s - a scroll of remove curse {unknown}
Jewellery
 g - a ring of poison resistance (left hand)
 t - a cursed -3 ring of evasion {unknown}
Potions
 j - a potion of porridge
 l - a potion of restore abilities {unknown}
 n - a potion of might {unknown}
 o - a potion of curing {unknown}
Books
 d - a book of Changes

   Spells                             Type                      Level
   *Beastly Appendage                 Transmutation                1
   Sticks to Snakes                   Transmutation                2
   Spider Form                        Transmutation/Poison         3
   Ice Form                           Ice/Transmutation            4
   Blade Hands                        Transmutation                5


   Skills:
 - Level 1.2 Fighting
 - Level 2.1 Dodging
 - Level 5.4 Unarmed Combat
 - Level 1.3 Spellcasting
 + Level 3.0 Transmutations


You had 5 spell levels left.
You knew the following spells:

 Your Spells              Type           Power        Failure   Level  Hunger
a - Beastly Appendage     Trmt           #.....       12%         1    ##.....


Dungeon Overview and Level Annotations

Branches:
Dungeon (3/15)

Altars:
Dithmenos
Nemelex Xobeh
Sif Muna

Annotations:
D:3 Natasha


Innate Abilities, Weirdness & Mutations

You reflexively headbutt those who attack you in melee.
You have a pair of horns on your head.


Message History

Natasha is moderately wounded.
Natasha barely misses you.
Natasha zaps a wand.
The magic dart hits you!
* * * LOW HITPOINT WARNING * * *
Drink which item? (? for menu, Esc to quit)
You feel much better.
Natasha stares at you and mumbles some strange words.
You resist.
Natasha is lightly wounded.
Natasha casts a spell at you. The magic dart hits you!
Natasha zaps a wand.
The magic dart hits you!
* * * LOW HITPOINT WARNING * * *
You hit Natasha but do no damage.
Natasha is lightly wounded.
Natasha claws you.
* * * LOW HITPOINT WARNING * * *
You hit Natasha.
Natasha is moderately wounded.
Natasha stares at you and mumbles some strange words.
The magic dart hits you!
You die...

...................
.#########...##### #...#
#...#######
.#########..........
....................
#................
#...%............
#########................
........@................
.......h................
......................
##...#############..#
#... .. #.. . # . .. #


You could see Natasha.

Vanquished Creatures
  A two-headed ogre skeleton (D:3)
  Ijyb (D:2)
  4 adders
  A giant mite (D:3)
  2 worms
  An adder skeleton (D:3)
  6 goblins
  5 hobgoblins
  2 bats
  4 giant cockroaches
  4 giant newts
  10 kobolds
  2 quokkas (D:3)
  10 rats
53 creatures vanquished.

Notes
Turn   | Place    | Note
--------------------------------------------------------------
     0 | D:1      | Infinimo, the Minotaur Transmuter, began the quest for the Orb.
     0 | D:1      | Reached XP level 1. HP: 16/16 MP: 2/2
   347 | D:1      | Reached XP level 2. HP: 20/23 MP: 2/2
   392 | D:1      | Reached skill level 4 in Unarmed Combat
   964 | D:2      | Reached XP level 3. HP: 28/28 MP: 3/3
  1036 | D:2      | Found a deep blue altar of Sif Muna.
  1036 | D:2      | Found a sparkling altar of Nemelex Xobeh.
  1131 | D:2      | Found a shadowy altar of Dithmenos.
  1239 | D:2      | Noticed Ijyb
  1253 | D:2      | HP: 1/28 [Ijyb/club (5)]
  1254 | D:2      | Killed Ijyb
  1254 | D:2      | Reached skill level 5 in Unarmed Combat
  1624 | D:2      | Reached XP level 4. HP: 27/35 MP: 4/4
  2479 | D:3      | Reached XP level 5. HP: 5/40 MP: 3/4
  2900 | D:3      | Noticed Natasha
  2908 | D:3      | HP: 2/40 [Natasha/wand of magic darts (6)]
  2912 | D:3      | Killed from afar by Natasha

Action                   |  1- 3 |  4- 6 || total
-------------------------+-------+-------++-------
Melee: Unarmed           |    99 |    83 ||   182
 Cast: Beastly Appendage |       |     4 ||     4
  Use: Scroll            |     5 |       ||     5
       Potion            |       |     1 ||     1
